 Dungeon Crawl Stone Soup version 0.31-a0-237-g2d982f9f85 (webtiles) character file.

Game seed: 15068016422821308870

2384 qw the Skirmisher (level 9, -10/56 HPs)
             Began as a Gargoyle Hexslinger on July 11, 2023.
             Mangled by a gnoll
             ... wielding a +0 halberd
              (11 damage)
             ... on level 7 of the Dungeon.
             The game lasted 00:02:09 (6033 turns).

qw the Skirmisher (Gargoyle Hexslinger)             Turns: 6033, Time: 00:02:10

Health: -10/56     AC: 14    Str: 13    XL:     9   Next: 45%
Magic:  10/10      EV: 12    Int: 13    God:
Gold:   117        SH:  0    Dex: 22    Spells: 9/10 levels left

rFire   . . .        Y - +1 arbalest
rCold   . . .        (shield currently unavailable)
rNeg    + . .        h - +0 ring mail
rPois   inf          (no helmet)
rElec   +            q - +0 cloak
rCorr   .            r - +0 pair of gloves
SInv    +            (no boots)
Will    .....        (no amulet)
Stlth   +            e - ring of see invisible
HPRegen 0.29/turn    i - +6 ring of dexterity
MPRegen 0.12/turn

%: no passive effects
@: no status effects
A: sickness immunity, AC +6, negative energy resistance 1, electricity
resistance, torment resistance 1, petrification resistance
a: no special abilities


You were on level 7 of the Dungeon.
You visited 2 branches of the dungeon, and saw 8 of its levels.

You collected 326 gold pieces.
You spent 209 gold pieces at shops.


Innate Abilities, Weirdness & Mutations

You are immune to sickness and miasma.
Your stone body is resilient. (AC +6)
You are immune to poison.
You resist negative energy. (rN+)
You are resistant to electric shocks. (rElec)
You are resistant to unholy torment.
You are immune to petrification.


   Skills:
 + Level 6.4 Fighting
 - Level 10.0 Ranged Weapons
 - Level 3.1 Armour
 - Level 3.3 Dodging
 - Level 1.0 Spellcasting
 - Level 2.6 Hexes


You had 9 spell levels left.
You knew the following spells:

 Your Spells              Type           Power      Damage    Failure   Level
a - Slow                  Hex            28%        N/A       19%         1

Your spell library contained the following spells:

 Spells                   Type           Power      Damage    Failure   Level
 Inner Flame              Hex/Fire       4%         N/A       69%         3
 Portal Projectile        Hex/Tloc       8%         N/A       69%         3
 Cause Fear               Hex            3%         N/A       88%         4

Inventory:

Hand Weapons
 Y - a +1 arbalest (weapon)
Armour
 h - a +0 ring mail (worn)
 q - a +0 cloak (worn)
 r - a +0 pair of gloves (worn)
Jewellery
 e - a ring of see invisible (left hand)
 i - a +6 ring of dexterity (right hand)
 j - a ring of fire
 n - a ring of resist corrosion
Scrolls
 a - a scroll of identify
 g - a scroll of immolation {unknown}
 m - 3 scrolls of blinking {unknown}
Potions
 c - a potion of curing
 d - a potion of cancellation
 f - a potion of enlightenment
 l - a potion of brilliance {unknown}
 o - a potion of might {unknown}
 p - a potion of mutation {unknown}

Dungeon Overview and Level Annotations

Branches:
Dungeon (7/15)             Temple (1/1) D:5

Altars:
Ashenzari
Cheibriados
Elyvilon
Fedhas
Gozag
Hepliaklqana
Kikubaaqudgha
Makhleb
Nemelex Xobeh
Qazlal
Ru
Trog
Uskayaw
Vehumet
Wu Jian
Xom
Yredelemnul
Zin
The Shining One

Shops:
D:3 [   D:4 [   D:5 [([[*(:?(


Message History

The centaur kicks you but does no damage.
The gnoll closely misses you. The hound closely misses you.
The centaur hits you with a +0 dagger.
The centaur kicks you but does no damage.
The wight barely misses you. The gnoll misses you.
You shoot a bolt. The bolt hits the hound!
You kill the hound!
The centaur misses you. The centaur completely misses you.
The gnoll hits you from afar with a +0 halberd!
The gnoll hits you with a +0 whip. The wight hits you but does no damage.
The centaur hits you but does no damage.
The centaur kicks you but does no damage.
The gnoll hits you but does no damage.
The wight hits you from afar with a +1 spear of freezing.
The wight freezes you. The gnoll hits you with a +0 whip.
You shoot a bolt. The bolt hits the centaur!
The centaur is heavily wounded.
The centaur hits you but does no damage.
The centaur kicks you but does no damage.
The centaur misses you.
The centaur kicks you but does no damage.
The gnoll closely misses you. The gnoll misses you. The wight misses you.
The centaur closely misses you. x2
You shoot a bolt.
The bolt hits the centaur but does no damage.
The centaur is heavily wounded.
The gnoll hits you from afar with a +0 halberd.
The centaur hits you but does no damage.
The centaur kicks you but does no damage.
The gnoll barely misses you. The wight barely misses you.
The gnoll closely misses you.
The centaur hits you but does no damage.
The centaur kicks you but does no damage.
The gnoll closely misses you. The wight barely misses you.
You shoot a bolt. The bolt hits the centaur.
The centaur is heavily wounded.
The centaur barely misses you.
The centaur kicks you but does no damage.
The gnoll hits you from afar with a +0 halberd!
You die...

# #.
#####'#######
~~~~~.c~~~~~#
~~~...g@%~~~#
~~....)%)~~~#
~....7gz..~~#
.... ......~#
... .......~#
.. .!7..7...'.
.
.........~#..
..........~#..
#### #...


You could see a centaur, a wight and 2 gnolls.

Vanquished Creatures
  A human (D:7)
  A steam dragon (D:6)
  2 hogs (D:7)
  Duvessa (D:4)
  A water moccasin (D:6)
  A sky beast (D:6)
  An ice beast (D:5)
  5 black bears
  An ogre (D:5)
  A phantom (D:4)
  A kobold brigand (D:7)
  A bullfrog (D:7)
  A gnoll sergeant (D:6)
  Dowan (D:4)
  An electric eel (D:6)
  5 hounds
  3 jellies
  An orc priest (D:6)
  2 orc wizards
  6 gnolls
  8 adders
  2 worms
  2 dart slugs (D:1)
  13 orcs
  2 bats
  7 endoplasms
  5 giant cockroaches
  8 goblins
  9 hobgoblins
  9 jackals
  3 quokkas
  15 ball pythons
  A frilled lizard (D:3)
  5 kobolds
  6 rats
132 creatures vanquished.

Notes
Turn   | Place    | Note
-------+----------+-------------------------------------------
     0 | D:1      | qw the Gargoyle Hexslinger began the quest for the Orb.
     0 | D:1      | Reached XP level 1. HP: 12/12 MP: 2/2
     0 | D:1      | 0 ||| qw: Version: 0.3-a-52-g30416fa
     0 | D:1      | 0 ||| qw: Game counter: 5746
     0 | D:1      | 0 ||| qw: Melee chars always use a shield: true
     0 | D:1      | 0 ||| qw: God list: Okawaru
     0 | D:1      | 0 ||| qw: Allow faded altars: false
     0 | D:1      | 0 ||| qw: Do Orc after clearing Dungeon:15 true
     0 | D:1      | 0 ||| qw: Do second Lair branch before Depths: true
     0 | D:1      | 0 ||| qw: Lair rune preference: random
     0 | D:1      | 0 ||| qw: Goals: Normal
     0 | D:1      | 0 ||| PLANNING D:1-11
   114 | D:1      | Reached XP level 2. HP: 16/16 MP: 3/3
   201 | D:1      | Reached skill level 3 in Ranged Weapons
   239 | D:1      | Reached XP level 3. HP: 14/20 MP: 4/4
   338 | D:1      | Found a faded altar of an unknown god.
   964 | D:1      | 964 ||| UPGRADING to +0 ring mail.
   974 | D:1      | 974 ||| DROPPING +0 robe.
   975 | D:1      | 975 ||| UPGRADING to ring of resist corrosion.
   976 | D:1      | 976 ||| READING 2 scrolls labelled UTEBIXOMOI.
   977 | D:1      | 977 ||| DROPPING scroll of poison.
   996 | D:2      | Found a burning altar of Makhleb.
  1438 | D:2      | Reached XP level 4. HP: 26/26 MP: 5/5
  1473 | D:2      | Reached skill level 4 in Ranged Weapons
  1794 | D:2      | 1794 ||| DROPPING ring of resist corrosion.
  1795 | D:2      | 1795 ||| UPGRADING to +6 ring of dexterity.
  1796 | D:2      | 1796 ||| READING 2 scrolls labelled TESYCWUNEAV.
  1800 | D:2      | 1800 ||| READING scroll labelled XUFEUM ONEQID.
  1801 | D:2      | 1801 ||| DRINKING 2 fizzy sapphire potions.
  1822 | D:2      | 1822 ||| DROPPING potion of lignification.
  1871 | D:3      | Reached skill level 1 in Armour
  1888 | D:3      | Found a glowing golden altar of the Shining One.
  1889 | D:3      | Found a snail-covered altar of Cheibriados.
  1889 | D:3      | Found a broken altar of Ashenzari.
  1892 | D:3      | Found a white marble altar of Elyvilon.
  1900 | D:3      | Found Ivvur's Antique Armour Shoppe.
  1917 | D:3      | 1917 ||| SHOPLISTING +1 cloak of Starlight {*Dazzle EV+4
                  | Stlth--} (884 gold, have 163).
  1917 | D:3      | 1917 ||| SHOPLISTING faintly glowing robe (165 gold, have
                  | 163).
  1995 | D:3      | Reached XP level 5. HP: 30/30 MP: 6/6
  2074 | D:3      | 2074 ||| READING scroll labelled GUOMEH FEENGU.
  2075 | D:3      | 2075 ||| READING 2 scrolls of identify.
  2075 | D:3      | 2075 ||| IDENTIFYING lumpy blue potion
  2076 | D:3      | 2076 ||| DROPPING potion of attraction.
  2295 | D:3      | 2295 ||| DRINKING 2 silvery potions.
  2296 | D:3      | 2296 ||| READING 2 scrolls of identify.
  2296 | D:3      | 2296 ||| IDENTIFYING inky potion
  2405 | D:4      | Reached skill level 5 in Ranged Weapons
  2420 | D:4      | 2420 ||| READING scroll of brand weapon.
  2420 | D:4      | 2420 ||| BRANDING +1 sling of draining.
  2451 | D:4      | Noticed a phantom
  2467 | D:4      | Killed a phantom
  2468 | D:4      | Reached skill level 3 in Fighting
  2468 | D:4      | Reached XP level 6. HP: 32/38 MP: 7/7
  2649 | D:4      | Noticed Duvessa
  2649 | D:4      | Noticed Dowan
  2657 | D:4      | Killed Duvessa
  2658 | D:4      | Reached skill level 6 in Ranged Weapons
  2670 | D:4      | Killed Dowan
  2671 | D:4      | Reached XP level 7. HP: 22/43 MP: 8/8
  2759 | D:4      | Found a hazy altar of Hepliaklqana.
  2822 | D:4      | Found Qunitaut's Antique Armour Shop.
  2998 | D:4      | 2998 ||| BUYING pair of gloves (85 gold).
  2998 | D:4      | Bought a pair of gloves for 85 gold pieces
  2998 | D:4      | 2998 ||| UPGRADING to +0 cloak.
  3003 | D:4      | 3003 ||| UPGRADING to +0 pair of gloves.
  3008 | D:4      | 3008 ||| UPGRADING to ring of see invisible.
  3010 | D:4      | 3010 ||| READING scroll labelled NEBEJI JAUMOTUS.
  3011 | D:4      | 3011 ||| READING scroll labelled DICONK TEMURE.
  3012 | D:4      | 3012 ||| READING 2 scrolls of identify.
  3012 | D:4      | 3012 ||| IDENTIFYING glowing clear potion
  3081 | D:5      | Entered Level 5 of the Dungeon
  3086 | D:5      | Found Wueru's Antique Weapon Emporium.
  3094 | D:5      | 3094 ||| BUYING arbalest (94 gold).
  3094 | D:5      | Bought an arbalest for 94 gold pieces
  3094 | D:5      | 3094 ||| SWAPPING to +0 arbalest.
  3101 | D:5      | 3101 ||| DROPPING +2 sling of freezing.
  3159 | D:5      | Found Rookhili's Magic Scroll Emporium.
  3176 | D:5      | Found Cetieple's Antique Weapon Boutique.
  3178 | D:5      | 3178 ||| BUYING scroll of identify (30 gold).
  3178 | D:5      | Bought a scroll of identify for 30 gold pieces
  3178 | D:5      | 3178 ||| SHOPLISTING scroll of identify (30 gold, have 21).
  3276 | D:5      | Found Yle Vauna's Assorted Antiques.
  3284 | D:5      | 3284 ||| SHOPLISTING forked lead wand (108 gold, have 21).
  3284 | D:5      | 3284 ||| SHOPLISTING potion of curing (81 gold, have 21).
  3284 | D:5      | 3284 ||| SHOPLISTING scroll labelled GOUVUC DEWU (27 gold,
                  | have 21).
  3284 | D:5      | 3284 ||| SHOPLISTING scroll labelled HEUCUT BOCAHO ORGH (27
                  | gold, have 21).
  3284 | D:5      | 3284 ||| SHOPLISTING scroll of identify (54 gold, have 21).
  3284 | D:5      | 3284 ||| SHOPLISTING scroll of teleportation (81 gold, have
                  | 21).
  3542 | D:5      | Found a staircase to the Ecumenical Temple.
  3543 | D:5      | 3543 ||| PLANNING TEMPLE
  3543 | D:5      | 3543 ||| DROPPING +6 ring of intelligence.
  3544 | D:5      | 3544 ||| DRINKING 2 sedimented amethyst potions.
  3545 | D:5      | 3545 ||| READING 3 scrolls of identify.
  3545 | D:5      | 3545 ||| IDENTIFYING amethyst potion
  3546 | D:5      | 3546 ||| READING 2 scrolls of identify.
  3546 | D:5      | 3546 ||| IDENTIFYING bubbling emerald potion
  3547 | D:5      | 3547 ||| DROPPING potion of berserk rage.
  3548 | D:5      | 3548 ||| DROPPING potion of invisibility.
  3559 | Temple   | Entered the Ecumenical Temple
  3614 | Temple   | 3614 ||| PLANNING D:1-11
  3742 | D:5      | 3742 ||| Stepping ~*~*~tactically~*~*~ (water).
  3747 | D:5      | HP: 10/43 [black bear (4)]
  3748 | D:5      | Reached skill level 7 in Ranged Weapons
  3748 | D:5      | 3748 ||| READING 3 scrolls of teleportation.
  3749 | D:5      | 3749 ||| DRINKING 2 potions of heal wounds.
  3821 | D:5      | Found Mirchun's Antique Armour Shoppe.
  3830 | D:5      | 3830 ||| SHOPLISTING helmet (108 gold, have 41).
  3830 | D:5      | 3830 ||| SHOPLISTING pair of glowing gloves (180 gold, have
                  | 41).
  3865 | D:5      | Found Dampeng's Armour Emporium.
  3865 | D:5      | Found Losuhuumog's Antique Weapon Emporium.
  3868 | D:5      | Found Seiq Wilage's Antique Armour Emporium.
  4017 | D:5      | Found Funotes's Tiny Tomes.
  4227 | D:5      | 4227 ||| READING scroll labelled GOUVUC DEWU.
  4255 | D:5      | 4255 ||| STAIRDANCE
  4434 | D:5      | 4434 ||| SHOPLISTING glowing ring mail (210 gold, have 52).
  4434 | D:5      | 4434 ||| SHOPLISTING pair of boots (135 gold, have 52).
  4434 | D:5      | 4434 ||| SHOPLISTING runed robe (111 gold, have 52).
  4434 | D:5      | 4434 ||| SHOPLISTING twisted leather armour (210 gold, have
                  | 52).
  4510 | D:6      | Reached XP level 8. HP: 48/48 MP: 9/9
  4630 | D:6      | HP: 5/48 [steam dragon (8)]
  4631 | D:6      | 4631 ||| READING 2 scrolls of teleportation.
  4632 | D:6      | 4632 ||| DRINKING 3 potions of heal wounds.
  4751 | D:6      | Reached skill level 8 in Ranged Weapons
  4805 | D:6      | 4805 ||| READING scroll of enchant weapon.
  4805 | D:6      | 4805 ||| ENCHANTING +0 arbalest.
  5027 | D:6      | Reached skill level 9 in Ranged Weapons
  5106 | D:6      | 5106 ||| READING scroll labelled FUVVAO MISTY.
  5111 | D:6      | 5111 ||| STAIRDANCE
  5126 | D:6      | Reached skill level 6 in Fighting
  5142 | D:6      | 5142 ||| STAIRDANCE
  5145 | D:5      | 5145 ||| SHOPLISTING +1 helmet (126 gold, have 52).
  5311 | D:6      | Reached XP level 9. HP: 55/55 MP: 10/10
  5539 | D:6      | 5539 ||| FLEEEEING.
  5879 | D:6      | 5879 ||| DROPPING ring of wizardry.
  5880 | D:6      | 5880 ||| READING scroll labelled PISURE DUDOS.
  5897 | D:7      | Reached skill level 3 in Dodging
  6010 | D:7      | HP: 8/55 [hog (9)]
  6011 | D:7      | 6011 ||| READING scroll of teleportation.
  6012 | D:7      | 6012 ||| DRINKING 4 potions of heal wounds.
  6014 | D:7      | Reached skill level 10 in Ranged Weapons
  6015 | D:7      | 6015 ||| Stepping ~*~*~tactically~*~*~ (water).
  6016 | D:7      | HP: 13/55 [hound (2)]
  6017 | D:7      | 6017 ||| DRINKING 3 potions of heal wounds.
  6022 | D:7      | Reached skill level 3 in Armour
  6022 | D:7      | HP: 11/55 [hound (4)]
  6023 | D:7      | 6023 ||| DRINKING 2 potions of heal wounds.
  6027 | D:7      | 6027 ||| DRINKING potion of heal wounds.
  6030 | D:7      | HP: 13/56 [gnoll/+0 halberd (10)]
  6030 | D:7      | HP: 5/56 [wight/+1 spear of freezing (5)]
  6030 | D:7      | HP: 2/56 [gnoll/+0 whip (2)]
  6033 | D:7      | Mangled by a gnoll

Levels and vault maps discovered:
D:1:      minmay_arrival_widening_spiral_wide, layout_loops_corners,
          shapermc_ecumenical_altar_venn, moated_statue, item_on_display_a
D:2:      minmay_spotlight, layout_basic, basic_altar, nicolae_hexahallways,
          minivault_11
D:3:      layout_rooms, chequers_temple_overflow_statue_of_worship,
          serial_shops, shop, corexii_hall_statues_deadend,
          nicolae_concentric_dashed_squares_mild, minmay_shallow_snake_nest
D:4:      layout_basic, nzn_hepliaklqana_mist_gate, nicolae_inconvenience_store,
          uniq_duvessa
D:5:      layout_loops_corners, minmay_temple_entry_tees, serial_shops,
          nicolae_shop_just_a_little_nook, shop, shop, shop, shop,
          nicolae_shop_i_like_small_books_too, chequers_serial_rivers_marsh,
          roderic_serpentine_path, corexii_hall_statues_l,
          nicolae_shop_distant_corner_stores, kennysheep_potato
D:6:      layout_basic, kennysheep_big_empty_room
D:7:      layout_cave_pools, grunt_ministairs_11, grunt_livestock,
          kennysheep_generic_room_2
Temple:   eino_temple_lava

Skill      XL: |  1  2  3  4  5  6  7  8  9 |
---------------+----------------------------+-----
Ranged Weapons | 3 4 5 6 7 9 10 | 10.0
Fighting       | 2 3 4 6 |  6.4
Armour         | 1 2 3 |  3.1
Dodging        | 2 3 |  3.3
Spellcasting   | |  1.0
Hexes          | |  2.6

Action                     |  1- 3 |  4- 6 |  7- 9 || total
---------------------------+-------+-------+-------++-------
   Fire: Sling             |   129 |   145 |     5 ||   279
         Arbalest          |       |       |   154 ||   154
    Use: Scroll            |     1 |     6 |    12 ||    19
         Potion            |       |     2 |     7 ||     9
 Armour: Robe              |    22 |       |       ||    22
         Ring mail         |    13 |    47 |   117 ||   177
  Dodge: Dodged            |    44 |    58 |   161 ||   263

Table legend:
 A = Non-vault XP
 B = Vault XP
 C = Vault XP percentage of total XP
 D = Non-vault monster count
 E = Vault monster count
 F = Vault count percentage of total count
                 A         B        C        D         E       F
            +---------+---------+-------+---------+---------+-------
      Total |    2201 |    1206 |  35.4 |     116 |      16 |  12.1
            +---------+---------+-------+---------+---------+-------
        D:1 |      58 |       0 |   0.0 |      24 |       0 |   0.0
        D:2 |      39 |       7 |  15.2 |      17 |       4 |  19.0
        D:3 |      60 |      18 |  23.1 |      21 |       3 |  12.5
        D:4 |     275 |     217 |  44.1 |      14 |       2 |  12.5
        D:5 |     266 |     245 |  47.9 |      13 |       2 |  13.3
        D:6 |    1222 |       0 |   0.0 |      20 |       0 |   0.0
        D:7 |     281 |     719 |  71.9 |       7 |       5 |  41.7
            +---------+---------+-------+---------+---------+-------
